 Dungeon Crawl Stone Soup version 0.31-a0-240-gb923e448b6 (webtiles) character file.

Game seed: 5675094774474197225

537 qw the Shooter (level 7, -1/44 HPs)
             Began as a Gargoyle Hexslinger on July 12, 2023.
             Killed by divine providence
             ... invoked by an orc priest
              (12 damage)
             ... on level 5 of the Dungeon.
             The game lasted 00:01:36 (3737 turns).

qw the Shooter (Gargoyle Hexslinger)                Turns: 3737, Time: 00:01:37

Health: -1/44      AC: 15    Str: 11    XL:     7   Next: 25%
Magic:  8/8        EV: 10    Int: 14    God:
Gold:   297        SH:  0    Dex: 14    Spells: 7/8 levels left

rFire   . . .        Y - +1 sling (freeze)
rCold   . . .        (no shield)
rNeg    + . .        i - +0 ring mail
rPois   inf          (no helmet)
rElec   +            (no cloak)
rCorr   .            k - +1 pair of gloves of the Raven {+Blink}
SInv    .            e - +2 pair of boots
Will    .....        f - amulet of faith
Stlth   +            (no ring)
HPRegen 0.27/turn    (no ring)
MPRegen 0.11/turn

%: faith
@: no status effects
A: sickness immunity, AC +4, negative energy resistance 1, electricity
resistance, torment resistance 1, petrification resistance
a: Evoke Blink


You were on level 5 of the Dungeon.
You visited 2 branches of the dungeon, and saw 6 of its levels.

You collected 297 gold pieces.


Innate Abilities, Weirdness & Mutations

You are immune to sickness and miasma.
Your stone body is resilient. (AC +4)
You are immune to poison.
You resist negative energy. (rN+)
You are resistant to electric shocks. (rElec)
You are resistant to unholy torment.
You are immune to petrification.


   Skills:
 - Level 4.8 Fighting
 + Level 6.1 Ranged Weapons
 - Level 1.3 Armour
 - Level 1.5 Dodging
 - Level 1.0 Spellcasting
 - Level 2.6 Hexes


You had 7 spell levels left.
You knew the following spells:

 Your Spells              Type           Power      Damage    Failure   Level
a - Slow                  Hex            32%        N/A       21%         1

Your spell library contained the following spells:

 Spells                   Type           Power      Damage    Failure   Level
 Inner Flame              Hex/Fire       4%         N/A       71%         3
 Portal Projectile        Hex/Tloc       8%         N/A       71%         3
 Cause Fear               Hex            4%         N/A       90%         4

Inventory:

Hand Weapons
 Y - a +1 sling of freezing (weapon)
Armour
 e - a +2 pair of boots (worn)
 i - a +0 ring mail (worn)
 k - the +1 pair of gloves of the Raven (worn) {+Blink}
   (You found it on level 4 of the Dungeon)

   +Blink:    It lets you blink.
Jewellery
 f - an amulet of faith (around neck)
Scrolls
 b - 3 scrolls of identify
Potions
 a - a potion of haste
 c - a potion of resistance {unknown}
 d - a potion of berserk rage {unknown}
 g - 3 potions of curing
 h - a potion of lignification {unknown}
 j - a potion of brilliance {unknown}
 l - a potion of magic {unknown}
 m - a potion of might {unknown}
 n - a potion of invisibility {unknown}
 o - a potion of cancellation {unknown}

Dungeon Overview and Level Annotations

Branches:
Dungeon (5/15)             Temple (1/1) D:4

Altars:
Cheibriados
Dithmenos
Fedhas
Hepliaklqana
Kikubaaqudgha
Makhleb
Nemelex Xobeh
Qazlal
Uskayaw
Wu Jian
Zin
The Shining One

Annotations:
D:5 Eustachio


Message History

Eustachio gestures wildly while chanting.
Eustachio blinks!
The quokka twitches its whiskers.
You shoot a sling bullet. The sling bullet barely misses the orc.
The sling bullet hits the orc.
The sling bullet freezes the orc.
The orc is heavily wounded.
The quokka barely misses you. The orc hits you but does no damage.
The orc priest calls down the wrath of Beogh upon you.
Beogh smites you!
You shoot a sling bullet.
The sling bullet barely misses the orc. x3
The quokka misses you. The orc barely misses you.
The quokka bites you but does no damage.
You shoot a sling bullet. The sling bullet hits the orc.
The sling bullet freezes the orc.
The orc is moderately wounded.
The orc hits you but does no damage. The quokka bites you.
You shoot a sling bullet. The sling bullet hits the orc.
The sling bullet freezes the orc.
The orc is heavily wounded.
The quokka bites you but does no damage.
The orc barely misses you. The quokka barely misses you.
The orc barely misses you.
You shoot a sling bullet. The sling bullet barely misses the orc.
The sling bullet hits the orc!
The sling bullet freezes the orc.
You kill the orc!
The quokka closely misses you.
Eustachio growls, "To hell with you, honourless miscreant!"
The orc hits you with a +0 hand axe.
You shoot a sling bullet.
The sling bullet hits the orc but does no damage.
The orc is heavily wounded.
The quokka barely misses you.
The quokka bites you but does no damage.
You shoot a sling bullet. The sling bullet hits the orc.
The sling bullet freezes the orc.
The orc is almost dead.
The orc hits you but does no damage.
The orc priest calls down the wrath of Beogh upon you.
Beogh smites you!
You die...

#... #... .##...#
....... ....... .......
### ##
.....rr###.#####.###..
....o@o@................
.....o#o.#/#...###......
¤...# ####.##..###.... #
... ##.....###.....## ¤
#...(..##...##...
###..>..##...##..
##.....#.......
#...>...[##...
#..#...#####..


You could see Eustachio, an orc priest, 3 orcs and 2 quokkas.

Vanquished Creatures
  An ice beast (D:5)
  Blork the orc (D:4)
  A hound (D:5)
  A jelly (D:5)
  Ijyb (D:3)
  2 iguanas
  Natasha (twice) (D:3)
  An orc wizard (D:3)
  6 adders
  2 white imps (D:5)
  2 ufetubi (D:5)
  2 worms
  4 dart slugs
  5 orcs
  6 ball pythons
  2 bats (D:2)
  5 endoplasms
  6 giant cockroaches
  4 goblins
  A hobgoblin (D:1)
  4 jackals (D:3)
  4 quokkas
  2 frilled lizards (D:1)
  8 kobolds
  5 rats
78 creatures vanquished.

Notes
Turn   | Place    | Note
-------+----------+-------------------------------------------
     0 | D:1      | qw the Gargoyle Hexslinger began the quest for the Orb.
     0 | D:1      | Reached XP level 1. HP: 12/12 MP: 2/2
     0 | D:1      | 0 ||| qw: Version: 0.3-a-52-g30416fa
     0 | D:1      | 0 ||| qw: Game counter: 6140
     0 | D:1      | 0 ||| qw: Melee chars always use a shield: true
     0 | D:1      | 0 ||| qw: God list: Okawaru
     0 | D:1      | 0 ||| qw: Allow faded altars: false
     0 | D:1      | 0 ||| qw: Do Orc after clearing Dungeon:15 true
     0 | D:1      | 0 ||| qw: Do second Lair branch before Depths: true
     0 | D:1      | 0 ||| qw: Lair rune preference: random
     0 | D:1      | 0 ||| qw: Goals: Normal
     0 | D:1      | 0 ||| PLANNING D:1-11
   166 | D:1      | Reached XP level 2. HP: 16/16 MP: 3/3
   374 | D:1      | Reached skill level 3 in Ranged Weapons
   812 | D:1      | 812 ||| UPGRADING to +2 pair of boots.
   817 | D:1      | 817 ||| UPGRADING to +0 ring mail.
   827 | D:1      | 827 ||| DROPPING +0 robe.
   828 | D:1      | 828 ||| READING scroll labelled TUHICE SARGH.
   829 | D:1      | 829 ||| READING scroll labelled IGOOTEILUR.
   830 | D:1      | 830 ||| READING 2 scrolls labelled XOUREYNYVI.
   831 | D:1      | 831 ||| READING scroll of brand weapon.
   831 | D:1      | 831 ||| BRANDING +1 sling of chaos.
   832 | D:1      | 832 ||| READING scroll labelled LAMEITAAMM.
   833 | D:1      | 833 ||| DROPPING scroll of poison.
   895 | D:2      | Reached XP level 3. HP: 21/21 MP: 4/4
   970 | D:2      | Reached skill level 1 in Armour
  1023 | D:2      | Reached XP level 4. HP: 26/26 MP: 5/5
  1369 | D:2      | 1369 ||| READING scroll labelled CON FOSELU.
  1370 | D:2      | 1370 ||| READING scroll labelled GUWOEN KIUS.
  1457 | D:3      | Reached skill level 4 in Ranged Weapons
  1552 | D:3      | Noticed Natasha
  1556 | D:3      | Killed Natasha
  1557 | D:3      | Reached XP level 5. HP: 18/30 MP: 6/6
  1685 | D:3      | Noticed Ijyb
  1690 | D:3      | 1690 ||| FLEEEEING.
  1691 | D:3      | 1691 ||| FLEEEEING.
  1692 | D:3      | 1692 ||| FLEEEEING.
  1693 | D:3      | 1693 ||| FLEEEEING.
  1694 | D:3      | 1694 ||| FLEEEEING.
  1695 | D:3      | 1695 ||| FLEEEEING.
  1696 | D:3      | 1696 ||| FLEEEEING.
  1697 | D:3      | 1697 ||| FLEEEEING.
  1698 | D:3      | 1698 ||| FLEEEEING.
  1699 | D:3      | 1699 ||| FLEEEEING.
  1700 | D:3      | 1700 ||| FLEEEEING.
  1701 | D:3      | 1701 ||| FLEEEEING.
  1702 | D:3      | 1702 ||| FLEEEEING.
  1703 | D:3      | 1703 ||| FLEEEEING.
  1705 | D:3      | 1705 ||| STAIRDANCE
  1718 | D:2      | 1718 ||| DRINKING 2 red potions.
  1742 | D:3      | Killed Ijyb
  1848 | D:3      | 1848 ||| FLEEEEING.
  1849 | D:3      | 1849 ||| FLEEEEING.
  1850 | D:3      | 1850 ||| FLEEEEING.
  1954 | D:3      | Reached skill level 5 in Ranged Weapons
  1966 | D:3      | HP: 6/31 [orc wizard/magic dart (2)]
  2069 | D:3      | Found a shadowy altar of Dithmenos.
  2095 | D:3      | Reached skill level 3 in Fighting
  2161 | D:3      | Noticed Natasha
  2163 | D:3      | Killed Natasha
  2164 | D:3      | Reached XP level 6. HP: 37/37 MP: 7/7
  2261 | D:3      | Found a burning altar of Makhleb.
  2261 | D:3      | Noticed a balrug
  2438 | D:3      | 2438 ||| UPGRADING to amulet of faith.
  2443 | D:3      | 2443 ||| DRINKING 3 cyan potions.
  2533 | D:4      | Found a staircase to the Ecumenical Temple.
  2534 | D:4      | 2534 ||| PLANNING TEMPLE
  2547 | Temple   | Entered the Ecumenical Temple
  2613 | Temple   | 2613 ||| PLANNING D:1-11
  2643 | D:4      | Noticed Blork the orc
  2649 | D:4      | Killed Blork the orc
  2671 | D:4      | Identified the +1 pair of gloves of the Raven {+Blink}
  2866 | D:4      | Found a blossoming altar of Fedhas.
  3311 | D:4      | 3311 ||| UPGRADING to +0 pair of gloves.
  3316 | D:4      | 3316 ||| UPGRADING to +1 pair of gloves of the Raven
                  | {+Blink}.
  3326 | D:4      | 3326 ||| DROPPING +0 pair of gloves.
  3357 | D:5      | Entered Level 5 of the Dungeon
  3429 | D:5      | Reached skill level 6 in Ranged Weapons
  3593 | D:5      | Reached XP level 7. HP: 42/42 MP: 8/8
  3703 | D:5      | Noticed Eustachio
  3735 | D:5      | HP: 11/44 [orc/+0 hand axe (4)]
  3737 | D:5      | Killed from afar by an orc priest

Levels and vault maps discovered:
D:1:      dpeg_arrival_castle, layout_basic, grunt_decor_junction,
          minmay_misc_feat_square
D:2:      layout_basic
D:3:      layout_basic, makhleb_altar_promises_db, grunt_dithmenos_smoke,
          kennysheep_potato, uniq_natasha, uniq_ijyb
D:4:      layout_basic, mainiacjoe_overflow_catwalk, minmay_temple_entry_arrows,
          due_unseen_surprise, uniq_blork_the_orc
D:5:      layout_cave_pools, mainiacjoe_overflow_catwalk_spiral, uniq_eustachio
Temple:   dpeg_three_leaves_temple

Skill      XL: |  1  2  3  4  5  6  7 |
---------------+----------------------+-----
Ranged Weapons | 3 4 5 6 |  6.1
Fighting       | 2 3 4 |  4.8
Armour         | 1 |  1.3
Dodging        | |  1.5
Spellcasting   | |  1.0
Hexes          | |  2.6

Action                     |  1- 3 |  4- 6 |  7- 9 || total
---------------------------+-------+-------+-------++-------
   Fire: Sling             |   118 |   202 |    53 ||   373
    Use: Scroll            |     5 |     2 |       ||     7
         Potion            |       |     2 |       ||     2
 Armour: Robe              |     6 |       |       ||     6
         Ring mail         |    30 |    70 |    24 ||   124
  Dodge: Dodged            |    44 |    77 |    46 ||   167

Table legend:
 A = Non-vault XP
 B = Vault XP
 C = Vault XP percentage of total XP
 D = Non-vault monster count
 E = Vault monster count
 F = Vault count percentage of total count
                 A         B        C        D         E       F
            +---------+---------+-------+---------+---------+-------
      Total |     596 |     172 |  22.4 |      73 |       5 |   6.4
            +---------+---------+-------+---------+---------+-------
        D:1 |      32 |       0 |   0.0 |      19 |       0 |   0.0
        D:2 |     100 |       0 |   0.0 |      17 |       0 |   0.0
        D:3 |     138 |      78 |  36.1 |      21 |       4 |  16.0
        D:4 |      23 |      94 |  80.3 |       7 |       1 |  12.5
        D:5 |     303 |       0 |   0.0 |       9 |       0 |   0.0
            +---------+---------+-------+---------+---------+-------
